 Dungeon Crawl Stone Soup version 0.18-a0-776-g7a8d288 (webtiles) character file.

91 GeneralIdiocy the Shield-Bearer (level 4, -2/35 HPs)
             Began as a Formicid Fighter on Dec 13, 2015.
             Killed by divine providence
             ... invoked by an orc priest
              (12 damage)
             ... on level 3 of the Dungeon.
             The game lasted 00:03:23 (1618 turns).

GeneralIdiocy the Shield-Bearer (Formicid Fighter)  Turns: 1618, Time: 00:03:23

Health: -2/35      AC: 11    Str: 21    XL:     4   Next: 87%
Magic:  4/4        EV:  4    Int:  8    God:
Gold:   132        SH:  9    Dex: 10    Spells: 0 memorised, 3 levels left

rFire  . . .     SeeInvis +     a - +0 war axe
rCold  . . .     Clarity  .     h - +0 plate armour
rNeg   . . .     SustAt   .     c - +0 shield
rPois  .         Gourm    .     (helmet unavailable)
rElec  .         Spirit   .     (no cloak)
rCorr  .         Dismiss  .     (no gloves)
rMut   .         Stasis   +     (no boots)
MR     .....                    (no amulet)
Stlth  ..........               (no ring)
                                (no ring)

@: drained, not resistant to hostile enchantments, extremely unstealthy
A: permanent stasis, dig shafts and tunnels, four strong arms, antennae 3
a: Dig, Shaft Self


You were on level 3 of the Dungeon.
You were hungry.

You visited 1 branch of the dungeon, and saw 3 of its levels.

You collected 132 gold pieces.

Inventory:

Hand Weapons
 a - a +0 war axe (weapon)
Missiles
 r - 4 tomahawks of returning (quivered)
Armour
 c - a +0 shield (worn)
 h - a +0 plate armour (worn)
Scrolls
 l - a scroll of teleportation {unknown}
 m - 2 scrolls of identify {unknown}
 q - a scroll of enchant weapon {unknown}
 s - 3 scrolls of remove curse {unknown}
 u - a scroll of fog {unknown}
 v - a scroll of random uselessness {unknown}
 x - a scroll of fear {unknown}
Potions
 d - a potion of might
 e - a potion of invisibility {unknown}
 g - a potion of lignification {unknown}
 i - 2 potions of curing {unknown}
 k - a potion of brilliance {unknown}
 n - a potion of magic {unknown}
 o - a potion of agility {unknown}
 p - a potion of heal wounds {unknown}
 t - 2 potions of flight {unknown}
 w - a potion of cancellation {unknown}
Comestibles
 b - 3 fruits
 f - 2 bread rations
 j - 2 beef jerkies


   Skills:
 - Level 3.2 Fighting
 * Level 3.3(3.2) Axes
 * Level 4.1 Armour
 + Level 4.4 Shields


You had 3 spell levels left.
You didn't know any spells.

Dungeon Overview and Level Annotations

Branches:
Dungeon (3/15)

Altars:
Nemelex Xobeh
Xom


Innate Abilities, Weirdness & Mutations

You are under a permanent stasis effect.
You can dig through walls and to a lower floor.
Your four strong arms can wield two-handed weapons with a shield.
You have a pair of large antennae on your head (SInv).


Message History

You hit the orc priest.
The orc priest is moderately wounded.
You block the orc priest's attack.
You completely miss the orc. The orc hits you but does no damage.
You slash the orc!
The orc is almost dead.
The orc barely misses you.
An orc comes into view.
You closely miss the orc.
The orc is almost dead.
The orc hits you with a mace.
* * * LOW HITPOINT WARNING * * *
Your shield and plate armour prevent you from hitting the orc.
The orc is almost dead.
You block the orc's attack.
You slash the orc!
You kill the orc!
The orc priest mumbles some strange prayers to Beogh against you.
Something smites you!
You die...

#...........#.###.#..###
#.#.#.###.#.#.....#..#
####. ...# #.#.####### .#
.....##..###.#.####.##..#
.............).........
..#####..#...†........
### # ###........# #
.####.(###o.## ..
#>.......@oog.# ###
######.####..## . #.# .#
.. #.# # .## #.# { #.#
#.#


You could see an orc priest, 2 orcs and a goblin.

Vanquished Creatures
  An adder (D:2)
  2 worms
  2 giant geckos
  8 orcs (D:3)
  8 bats
  4 giant cockroaches
  8 goblins
  7 hobgoblins
  6 jackals
  A quokka (D:2)
  A ball python (D:1)
  8 kobolds
  6 rats
62 creatures vanquished.

Notes
Turn   | Place    | Note
--------------------------------------------------------------
     0 | D:1      | GeneralIdiocy the Formicid Fighter began the quest for the Orb.
     0 | D:1      | Reached XP level 1. HP: 18/18 MP: 1/1
    40 | D:1      | Reached XP level 2. HP: 14/24 MP: 2/2
   495 | D:1      | Reached XP level 3. HP: 29/29 MP: 3/3
   534 | D:1      | Reached skill level 4 in Shields
   735 | D:2      | Found a shimmering altar of Xom.
  1048 | D:2      | Reached XP level 4. HP: 15/35 MP: 4/4
  1423 | D:3      | Found a sparkling altar of Nemelex Xobeh.
  1618 | D:3      | Killed from afar by an orc priest

Vault maps used:
D:1:      onia_arrival_pyramid
D:2:      xom_teletrap_fun, grunt_decor_one_mirror
D:3:      kennysheep_the_goblin_king, lemuel_round_altar

Action                   |  1- 3 |  4- 6 || total
-------------------------+-------+-------++-------
Melee: War axe           |   136 |    85 ||   221
Throw: Tomahawk          |     4 |       ||     4
  Eat: Chunk             |       |     2 ||     2
